MWL
DANVILLE VETERANS @ CLINTON PILOTS
04/21/1982
 
TOP OF THE 1ST
Danville Veterans batting - Pitching for Clinton Pilots : LHP Bob Patterson
Pitching: LHP Bob Patterson
Batting: RHB Billy Hatcher 0-0: Foul Ball, location: 2F
0-1: Foul Ball, location: 2F
0-2: Ball
1-2: Foul Ball, location: 2F
1-2: Foul Ball, location: 2F
1-2: Ball
2-2: Ground out 6-3 (Groundball, 6, EV 86.3 MPH)
Batting: RHB Henry Janssen 0-0: Ball
1-0: Ball
2-0: Ball
3-0: Called Strike
3-1: Called Strike
3-2: Fly out, F6 (Line Drive, 6, EV 65.0 MPH)
Batting: SHB Donnie Hill 0-0: Swinging Strike
0-1: Ball
1-1: Ball
2-1: Foul Ball, location: 2F
2-2: Ball
3-2: DOUBLE (Flyball, 8RXD, EV 100.0 MPH)
Batting: LHB Mark Salas 0-0: Ball
1-0: Ball
2-0: Called Strike
2-1: Called Strike
2-2: Ball
3-2: 2-RUN HOME RUN (Flyball, 7LD, EV 99.4 MPH), Distance : 371 ft
Batting: RHB Barry Brunenkant 0-0: Foul Ball, location: 2F
0-1: Ball
1-1: SINGLE (Groundball, 56D, EV 105.6 MPH)
Batting: RHB Ed Saavedra 0-0: Ball
1-0: Ball
2-0: Ball
3-0: Base on Balls
Barry Brunenkant to second
Batting: RHB Vincent Pone 0-0: Ground out 4-3 (Groundball, 4, EV 82.5 MPH)
Top of the 1st over - 2 runs, 3 hits, 0 errors, 2 left on base; Danville 2 - Clinton 0
BOTTOM OF THE 1ST
Clinton Pilots batting - Pitching for Danville Veterans : LHP Donald Johnson
Pitching: LHP Donald Johnson
Batting: RHB Barry Siebert 0-0: Called Strike
0-1: Ball
1-1: Ball
2-1: Reached on error, E3 (Groundball, 3, EV 92.5 MPH)
Batting: RHB Alberto Reyes 0-0: Ball
1-0: Called Strike
1-1: Fly out, F7 (Flyball, 7LM, EV 85.6 MPH)
Batting: RHB Bert Pena 0-0: Ball
1-0: Called Strike
1-1: Ball
2-1: Foul Ball, location: 2F
2-2: Foul Ball, location: 2F
2-2: Ball
3-2: Fly out, F8 (Line Drive, 8RD, EV 93.8 MPH)
Batting: RHB Abe Rael 0-0: Ball
1-0: Ball
2-0: Called Strike
2-1: Ball
3-1: Called Strike
3-2: Foul Ball, location: 2F
3-2: SINGLE (Line Drive, 7S, EV 100.6 MPH)
Barry Siebert to second
Barry Siebert to third
Batting: RHB Robert Parsons 0-0: Ball
1-0: Foul Ball, location: 2F
1-1: Foul Ball, location: 2F
1-2: Ball
2-2: Foul Ball, location: 2F
2-2: Ball
3-2: Fly out, F5 (Line Drive, 5, EV 73.1 MPH)
Bottom of the 1st over - 0 runs, 1 hit, 1 error, 2 left on base; Danville 2 - Clinton 0
TOP OF THE 2ND
Danville Veterans batting - Pitching for Clinton Pilots : LHP Bob Patterson
Batting: RHB Jeff Moronko 0-0: Ball
1-0: Ball
2-0: Ball
3-0: Base on Balls
Batting: RHB Jeff Hall 0-0: Called Strike
0-1: Ball
1-1: Ball
2-1: SINGLE (Flyball, 56D, EV 84.4 MPH)
Jeff Moronko to second
Batting: RHB Billy Hatcher 0-0: Ball
Jeff Moronko is caught stealing 3rd base 2-5
1-0: Fly out, F8 (Flyball, 8RM, EV 88.8 MPH)
Batting: RHB Henry Janssen 0-0: Ball
1-0: Foul Ball, location: 2F
1-1: Ball
2-1: SINGLE (Groundball, 56D, EV 110.0 MPH)
Jeff Hall to second
Batting: SHB Donnie Hill 0-0: Swinging Strike
0-1: Foul Ball, location: 2F
0-2: Ball
1-2: Foul Ball, location: 2F
1-2: SINGLE (Line Drive, 78S, EV 110.6 MPH)
Jeff Hall to third
Henry Janssen to second
Batting: LHB Mark Salas 0-0: Ball
1-0: Ball
2-0: Foul Ball, location: 2F
2-1: Ground out 4-3 (Groundball, 4, EV 86.3 MPH)
Top of the 2nd over - 0 runs, 3 hits, 0 errors, 3 left on base; Danville 2 - Clinton 0
BOTTOM OF THE 2ND
Clinton Pilots batting - Pitching for Danville Veterans : LHP Donald Johnson
Batting: RHB Tom Riley 0-0: Fly out, F7 (Line Drive, 7, EV 86.9 MPH)
Batting: RHB Donn Koch 0-0: Ground out 6-3 (Groundball, 6, EV 100.0 MPH)
Batting: RHB Ron Stinnett 0-0: Called Strike
0-1: Called Strike
0-2: Ball
1-2: Ground out 4-3 (Groundball, 4, EV 86.3 MPH)
Bottom of the 2nd over - 0 runs, 0 hits, 0 errors, 0 left on base; Danville 2 - Clinton 0
TOP OF THE 3RD
Danville Veterans batting - Pitching for Clinton Pilots : LHP Bob Patterson
Batting: RHB Barry Brunenkant 0-0: Ball
1-0: Called Strike
1-1: Ball
2-1: Foul Ball, location: 2F
2-2: SOLO HOME RUN (Flyball, 7D, EV 93.8 MPH), Distance : 378 ft
Batting: RHB Ed Saavedra 0-0: Ball
1-0: Called Strike
1-1: Ball
2-1: Foul Ball, location: 2F
2-2: SINGLE (Groundball, 56D, EV 110.0 MPH)
Batting: RHB Vincent Pone 0-0: Ball
1-0: Ball
2-0: Called Strike
2-1: Ball
3-1: Foul Ball, location: 2F
3-2: DOUBLE (Line Drive, 9LD, EV 100.0 MPH)
Ed Saavedra to third
Runner from 3rd tries for Home, SAFE, throw by RF to trailing runner, SAFE at third!
Batting: RHB Jeff Moronko 0-0: Ground out 4-3 (Groundball, 4, EV 104.4 MPH)
Vincent Pone scores
Batting: RHB Jeff Hall 0-0: Called Strike
0-1: Ball
1-1: Swinging Strike
1-2: Foul Ball, location: 2F
1-2: Ball
2-2: Strikes out looking
Batting: RHB Billy Hatcher 0-0: Ball
1-0: DOUBLE (Line Drive, 9LM, EV 86.9 MPH)
Batting: RHB Henry Janssen 0-0: Swinging Strike
0-1: Ground out 6-3 (Groundball, 6, EV 81.3 MPH)
Top of the 3rd over - 3 runs, 4 hits, 0 errors, 1 left on base; Danville 5 - Clinton 0
BOTTOM OF THE 3RD
Clinton Pilots batting - Pitching for Danville Veterans : LHP Donald Johnson
Batting: LHB Epifano Martinez 0-0: Foul Ball, location: 2F
0-1: Ball
1-1: Fly out, F4 (Line Drive, 4, EV 70.0 MPH)
Batting: RHB Barry Siebert 0-0: Called Strike
0-1: Foul Ball, location: 2F
0-2: Ball
1-2: Ball
2-2: SINGLE (Groundball, 3D, EV 104.4 MPH)
Batting: RHB Alberto Reyes 0-0: Ball
1-0: Ball
2-0: Foul Ball, location: 2F
2-1: Foul Ball, location: 2F
2-2: Strikes out swinging
Batting: RHB Bert Pena 0-0: Fielders Choice at 2nd, 5-4 (Groundball, 56, EV 84.4 MPH)
Bottom of the 3rd over - 0 runs, 1 hit, 0 errors, 1 left on base; Danville 5 - Clinton 0
TOP OF THE 4TH
Danville Veterans batting - Pitching for Clinton Pilots : LHP Bob Patterson
Batting: SHB Donnie Hill 0-0: Called Strike
0-1: Ball
1-1: Called Strike
1-2: Ground out 6-3 (Groundball, 6, EV 84.4 MPH)
Batting: LHB Mark Salas 0-0: SINGLE (Groundball, 34D, EV 107.5 MPH)
Batting: RHB Barry Brunenkant 0-0: Called Strike
0-1: Ball
1-1: Ball
2-1: Fly out, F9 (Flyball, 9D, EV 90.6 MPH)
Batting: RHB Ed Saavedra 0-0: Ball
1-0: Foul Ball, location: 2F
1-1: Ball
2-1: Fly out, F8 (Flyball, 89XD, EV 108.1 MPH)
Top of the 4th over - 0 runs, 1 hit, 0 errors, 1 left on base; Danville 5 - Clinton 0
BOTTOM OF THE 4TH
Clinton Pilots batting - Pitching for Danville Veterans : LHP Donald Johnson
Batting: RHB Abe Rael 0-0: Foul Ball, location: 2F
0-1: Ground out 5-3 (Groundball, 25, EV 90.0 MPH)
Batting: RHB Robert Parsons 0-0: Called Strike
0-1: Ball
1-1: Fly out, F8 (Line Drive, 8RM, EV 101.9 MPH)
Batting: RHB Tom Riley 0-0: Foul Ball, location: 2F
0-1: Swinging Strike
0-2: Foul Ball, location: 2F
0-2: Ball
1-2: Foul Ball, location: 2F
1-2: Ball
2-2: Ball
3-2: Strikes out swinging
Bottom of the 4th over - 0 runs, 0 hits, 0 errors, 0 left on base; Danville 5 - Clinton 0
TOP OF THE 5TH
Danville Veterans batting - Pitching for Clinton Pilots : LHP Bob Patterson
Batting: RHB Vincent Pone 0-0: Foul Ball, location: 2F
0-1: Ball
1-1: Swinging Strike
1-2: DOUBLE (Line Drive, 7LS, EV 106.3 MPH)
Batting: RHB Jeff Moronko 0-0: Ball
1-0: Fly out, F7 (Flyball, 78M, EV 94.4 MPH)
Batting: RHB Jeff Hall 0-0: TRIPLE (Flyball, 78XD, EV 109.4 MPH)
Vincent Pone scores
Pitching: RHP Kendall Driggers
Batting: RHB Billy Hatcher 0-0: Called Strike
0-1: Ball
1-1: Ground out 4-3 (Groundball, 4S, EV 81.3 MPH)
Jeff Hall scores
Batting: RHB Henry Janssen 0-0: Ball
1-0: Called Strike
1-1: Ball
2-1: Swinging Strike
2-2: Ball
3-2: Base on Balls
Batting: SHB Donnie Hill 0-0: Swinging Strike
0-1: Ball
1-1: Ball
2-1: 2-RUN HOME RUN (Flyball, 9D, EV 98.8 MPH), Distance : 363 ft
Batting: LHB Mark Salas 0-0: Ball
1-0: Ball
2-0: Ball
3-0: Called Strike
3-1: Ground out 6-3 (Groundball, 56, EV 103.1 MPH)
Top of the 5th over - 4 runs, 3 hits, 0 errors, 0 left on base; Danville 9 - Clinton 0
BOTTOM OF THE 5TH
Clinton Pilots batting - Pitching for Danville Veterans : LHP Donald Johnson
Batting: RHB Donn Koch 0-0: Called Strike
0-1: Ball
1-1: Ball
2-1: Foul Ball, location: 2F
2-2: Foul Ball, location: 2F
2-2: Ball
3-2: Ground out 6-3 (Groundball, 6, EV 103.8 MPH)
Batting: RHB Ron Stinnett 0-0: Ground out U3 (Groundball, 34, EV 87.5 MPH)
Batting: LHB Epifano Martinez 0-0: Ground out U3 (Groundball, 3, EV 102.5 MPH)
Bottom of the 5th over - 0 runs, 0 hits, 0 errors, 0 left on base; Danville 9 - Clinton 0
TOP OF THE 6TH
Danville Veterans batting - Pitching for Clinton Pilots : RHP Kendall Driggers
Batting: RHB Barry Brunenkant 0-0: Called Strike
0-1: SINGLE (Groundball, 6D, EV 103.8 MPH)
Batting: RHB Ed Saavedra 0-0: Ball
1-0: Fielders Choice at 2nd, 3-6 (Groundball, 34, EV 105.0 MPH)
Batting: RHB Vincent Pone 0-0: Called Strike
0-1: Foul Ball, location: 2F
0-2: Ball
1-2: Foul Ball, location: 2F
1-2: Ball
2-2: Fielders Choice at 2nd, 6-4 (Groundball, 56, EV 88.8 MPH)
Batting: RHB Jeff Moronko 0-0: Ball
1-0: Swinging Strike
1-1: Ball
2-1: Called Strike
2-2: Foul Ball, location: 2F
2-2: Foul Ball, location: 2F
2-2: Strikes out swinging
Top of the 6th over - 0 runs, 1 hit, 0 errors, 1 left on base; Danville 9 - Clinton 0
BOTTOM OF THE 6TH
Clinton Pilots batting - Pitching for Danville Veterans : LHP Donald Johnson
Batting: RHB Barry Siebert 0-0: Fly out, F9 (Flyball, 9LD, EV 100.0 MPH)
Batting: RHB Alberto Reyes 0-0: Ball
1-0: Swinging Strike
1-1: Foul Ball, location: 2F
1-2: Fly out, F6 (Popup, 6, EV 58.1 MPH)
Batting: RHB Bert Pena 0-0: Swinging Strike
0-1: Ball
1-1: Ground out 6-3 (Groundball, 6, EV 106.9 MPH)
Bottom of the 6th over - 0 runs, 0 hits, 0 errors, 0 left on base; Danville 9 - Clinton 0
TOP OF THE 7TH
Danville Veterans batting - Pitching for Clinton Pilots : RHP Kendall Driggers
Pinch Hitting: RHB Robert Triplett 0-0: Ball
1-0: Called Strike
1-1: Foul Ball, location: 2F
1-2: Ball
2-2: Ball
3-2: Fly out, F7 (Flyball, 7LM, EV 80.0 MPH)
Pinch Hitting: LHB Geoffrey Nash 0-0: Called Strike
0-1: Ball
1-1: SINGLE (Groundball, 34D, EV 103.8 MPH)
Pinch Hitting: RHB Tom Hayes 0-0: Called Strike
0-1: Grounds into double play, 6-4-3 (Groundball, 6, EV 83.1 MPH)
Top of the 7th over - 0 runs, 1 hit, 0 errors, 0 left on base; Danville 9 - Clinton 0
BOTTOM OF THE 7TH
Clinton Pilots batting - Pitching for Danville Veterans : LHP Donald Johnson
Now at 1B: Tim Duncan
Now in LF: Tom Wiedenbauer
Now in RF: Geoffrey Nash
Batting: RHB Abe Rael 0-0: Called Strike
0-1: Ball
1-1: Ball
2-1: Swinging Strike
2-2: Strikes out swinging
Batting: RHB Robert Parsons 0-0: Ball
1-0: Foul Ball, location: 2F
1-1: Ground out 5-3 (Groundball, 5, EV 88.8 MPH)
Pinch Hitting: RHB Ferdinand Rivera 0-0: Ball
1-0: Ball
2-0: Fly out, F5 (Flyball, 5D, EV 90.6 MPH)
Bottom of the 7th over - 0 runs, 0 hits, 0 errors, 0 left on base; Danville 9 - Clinton 0
TOP OF THE 8TH
Danville Veterans batting - Pitching for Clinton Pilots : RHP Kendall Driggers
Now at 3B: Ferdinand Rivera
Pinch Hitting: RHB Roosevelt Lett 0-0: Ball
1-0: Ball
2-0: Foul Ball, location: 2F
2-1: Ball
3-1: SINGLE (Groundball, 34D, EV 95.6 MPH)
Batting: LHB Mark Salas 0-0: Fly out, F9 (Flyball, 9, EV 73.1 MPH)
Batting: RHB Barry Brunenkant 0-0: Ball
1-0: Foul Ball, location: 2F
1-1: SINGLE (Line Drive, 9S, EV 85.0 MPH)
Roosevelt Lett to second
Pinch Hitting: LHB Eric Bullock 0-0: Ball
1-0: Foul Ball, location: 2F
1-1: Fielders Choice at 2nd, 3-6 (Groundball, 34, EV 80.6 MPH)
Roosevelt Lett to third
Pinch Hitting: RHB Ken Weislak 0-0: Called Strike
0-1: Swinging Strike
0-2: Ball
1-2: Strikes out looking
Top of the 8th over - 0 runs, 2 hits, 0 errors, 2 left on base; Danville 9 - Clinton 0
BOTTOM OF THE 8TH
Clinton Pilots batting - Pitching for Danville Veterans : LHP Donald Johnson
Now at 3B: Roosevelt Lett
Now at SS: Ken Weislak
Now in RF: Eric Bullock
Batting: RHB Donn Koch 0-0: Ball
1-0: Fly out, F8 (Line Drive, 8LM, EV 90.0 MPH)
Pinch Hitting: LHB Roman Dusquesne 0-0: Ball
1-0: Swinging Strike
1-1: Called Strike
1-2: Ball
2-2: Ball
3-2: SOLO HOME RUN (Flyball, 9D, EV 93.1 MPH), Distance : 362 ft
Batting: LHB Epifano Martinez 0-0: Foul Ball, location: 2F
0-1: Ball
1-1: Foul Ball, location: 2F
1-2: Ground out 1-3 (Groundball, 13S, EV 61.9 MPH)
Batting: RHB Barry Siebert 0-0: Called Strike
0-1: Foul Ball, location: 2F
0-2: SINGLE (Line Drive, 5D, EV 109.4 MPH)
Batting: RHB Alberto Reyes 0-0: Foul Ball, location: 2F
0-1: Ball
1-1: Swinging Strike
1-2: Ball
2-2: Ball
3-2: Base on Balls
Barry Siebert to second
Batting: RHB Bert Pena 0-0: Foul Ball, location: 2F
0-1: Ball
1-1: Foul Ball, location: 2F
1-2: Ball
2-2: Strikes out swinging
Bottom of the 8th over - 1 run, 2 hits, 0 errors, 2 left on base; Danville 9 - Clinton 1
TOP OF THE 9TH
Danville Veterans batting - Pitching for Clinton Pilots : RHP Kendall Driggers
Now at SS: Roman Dusquesne
Pinch Hitting: SHB Mark Smelko 0-0: Fly out, F7 (Flyball, 7LS, EV 95.6 MPH)
Batting: RHB Tom Wiedenbauer 0-0: SINGLE (Groundball, 6MD, EV 95.0 MPH)
Batting: LHB Geoffrey Nash 0-0: Ball
1-0: SINGLE (Line Drive, 8RS, EV 101.3 MPH)
Tom Wiedenbauer to second
Batting: RHB Tim Duncan 0-0: Called Strike
0-1: Ball
1-1: Ball
2-1: Swinging Strike
2-2: Foul Ball, location: 2F
2-2: Ball
3-2: Foul Ball, location: 2F
3-2: Ground out 1-3 (Groundball, 25, EV 70.6 MPH)
Tom Wiedenbauer to third
Geoffrey Nash to second
Pinch Hitting: RHB Bret Mitchell 0-0: Swinging Strike
0-1: Called Strike
0-2: Ball
1-2: SINGLE (Groundball, 4MD, EV 98.8 MPH)
Tom Wiedenbauer scores
Geoffrey Nash to third
Runner from 3rd tries for Home, SAFE, throw by CF to home
Batting: LHB Mark Salas 0-0: Called Strike
0-1: Ball
1-1: Called Strike
1-2: DOUBLE (Line Drive, 7LS, EV 96.9 MPH)
Bret Mitchell to third
Runner from 3rd tries for Home, SAFE, throw by LF to trailing runner, SAFE at third!
Pinch Hitting: RHB Robert Gauci 0-0: Ball
1-0: Ball
2-0: Ball
3-0: Called Strike
3-1: Called Strike
3-2: Foul Ball, location: 2F
3-2: Base on Balls
Pitching: RHP Steve Taylor
Batting: LHB Eric Bullock 0-0: Ball
1-0: Ball
2-0: Called Strike
2-1: Called Strike
2-2: Fly out, F4 (Flyball, 34D, EV 96.9 MPH)
Top of the 9th over - 3 runs, 4 hits, 0 errors, 2 left on base; Danville 12 - Clinton 1
BOTTOM OF THE 9TH
Clinton Pilots batting - Pitching for Danville Veterans : LHP Donald Johnson
Now at C: Robert Gauci
Now at 2B: Robert Allen
Now at 3B: Bret Mitchell
Pinch Hitting: LHB Thomas Berti 0-0: Ball
1-0: Foul Ball, location: 2F
1-1: Swinging Strike
1-2: Foul Ball, location: 2F
1-2: Ground out U3 (Groundball, 34, EV 85.0 MPH)
Batting: RHB Robert Parsons 0-0: Called Strike
0-1: Ball
1-1: Called Strike
1-2: Ball
2-2: Ball
3-2: SINGLE (Groundball, 34S, EV 87.5 MPH) (infield hit)
Pitching: LHP Juan Dorville
Batting: RHB Ferdinand Rivera 0-0: Foul Ball, location: 2F
0-1: Ground out U3 (Groundball, 3, EV 93.8 MPH)
Robert Parsons to second
Pinch Hitting: RHB Mark Parent 0-0: Foul Ball, location: 2F
0-1: Ball
1-1: Ball
2-1: Called Strike
2-2: Strikes out swinging
Bottom of the 9th over - 0 runs, 1 hit, 0 errors, 1 left on base; Danville 12 - Clinton 1
Wednesday, July 22nd, 2020 - OOTP Baseball 21.4 Build 63